 Dungeon Crawl Stone Soup version 0.26-a0-774-g1415c89e12 (webtiles) character file.

Game seed: 15918198106583912718

54153 Decritt the Basher (level 14, -3/64 HPs)
             Began as a Gargoyle Fighter on Nov 9, 2020.
             Was a High Priest of Okawaru.
             Slain by a naga
             ... wielding a cursed -3 halberd
              (4 damage)
             ... on level 2 of the Abyss.
             The game lasted 01:04:32 (21577 turns).

Decritt the Basher (Gargoyle Fighter)              Turns: 21577, Time: 01:04:33

Health: -3/64      AC: 36    Str: 19 (21) XL:     14   Next: 71%
Magic:  12/15      EV: 14    Int:  9      God:    Okawaru [*****.]
Gold:   1523       SH: 18    Dex: 11      Spells: 13/13 levels left

rFire    . . .     SeeInvis .   b - +6 morningstar (freeze)
rCold    . . .     Faith    .   c - +0 kite shield
rNeg     + + .     Spirit   .   M - +0 plate armour of Hedging {rPois Dex+4 Stlth-}
rPois    ∞         Reflect  .   z - +2 helmet
rElec    +         Harm     .   y - +2 cloak {MR+}
rCorr    .         Rampage  .   F - +1 pair of gloves
MR       +++..     Rnd*Rage +   w - +1 pair of boots Stlth ..........Rnd*Tele +
                                m - amulet of regeneration
HPRegen  0.00/turn              n - ring of protection from magic
MPRegen  0.14/turn              H - ring "Zuvap" {rN+ EV+4 Int+4 Dex+2}

@: mighty, heroism, berserk cooldown, slowed, lightly drained, very slow
A: big wings, large bone plates 1, [berserk 2], [blurry vision 3], [clumsy 2],
[deformed body], [deterioration 2], [dopey 2], [frail 3], low mp 1[+2], negative
energy resistance 1, [screaming 3], electricity resistance, [inhibited
regeneration], [teleportitis 3], [weak 2], unbreathing, petrification
resistance, [no potion heal 2], rot immunity, [subdued magic 3], AC +10
a: Fly, Heroism, Finesse, Renounce Religion


You were on level 2 of the Abyss.
You worshipped Okawaru.
Okawaru was extremely pleased with you.
You visited 3 branches of the dungeon, and saw 21 of its levels.
You visited the Abyss 1 time.
You also visited: Ossuary.

You collected 1523 gold pieces.

Inventory:

Hand Weapons
 b - a +6 morningstar of freezing (weapon)
 B - a +4 vorpal mace
 E - a +2 flail of holy wrath
 K - a +1 flail of venom
Armour
 c - a +0 kite shield (worn)
 w - a +1 pair of boots (worn)
 y - a +2 cloak of magic resistance (worn)
 z - a +2 helmet (worn)
 F - a +1 pair of gloves (worn)
 M - the +0 plate armour of Hedging (worn) {rPois Dex+4 Stlth-}
   (Okawaru gifted it to you on level 4 of the Lair of Beasts)

   It affects your dexterity (+4).
   It protects you from poison.
   It makes you less stealthy.
Jewellery
 h - a +4 ring of evasion
 m - an amulet of regeneration (around neck)
 n - a ring of protection from magic (left hand)
 H - the ring "Zuvap" (right hand) {rN+ EV+4 Int+4 Dex+2}
   (You found it on level 3 of the Lair of Beasts)

   [ring of evasion]

   It affects your evasion (+4).
   It affects your intelligence (+4).
   It affects your dexterity (+2).
   It protects you from negative energy.
Wands
 o - a wand of digging (4)
Scrolls
 e - 3 scrolls of magic mapping
 f - 18 scrolls of teleportation
 i - 6 scrolls of enchant weapon
 l - a scroll of brand weapon
 q - 2 scrolls of fear
 r - 5 scrolls of identify
 t - a scroll of blinking
 v - a scroll of amnesia
 x - 5 scrolls of immolation
 D - 2 scrolls of fog
 G - 8 scrolls of remove curse
 I - a scroll of torment
Potions
 a - 5 potions of mutation
 d - 5 potions of might
 g - 3 potions of berserk rage
 k - 14 potions of curing
 p - 2 potions of haste
 s - a potion of heal wounds
 u - 2 potions of ambrosia
 C - 4 potions of lignification
Miscellaneous
 J - a phantom mirror


   Skills:
 + Level 12.2(17.0) Fighting
 * Level 13.6(18.4) Maces & Flails
 - Level 12.3(17.1) Armour
 * Level 4.5(9.4) Dodging
 - Level 11.4(16.2) Shields
 + Level 10.6(10.4) Invocations


You had 13 spell levels left.
You didn't know any spells.
Your spell library contained the following spells:

 Spells                   Type           Power        Failure   Level
 Animate Skeleton         Necr           #.....       98%         1
 Apportation              Tloc           #.....       98%         1
 Corona                   Hex            #......      98%         1
 Magic Dart               Conj           #...         98%         1
 Summon Small Mammal      Summ           #...         98%         1
 Blink                    Tloc           N/A          99%         2
 Call Imp                 Summ           #.......     99%         2
 Poisonous Vapours        Pois/Air       #.....       99%         2
 Searing Ray              Conj           #.....       99%         2
 Slow                     Hex            #.......     99%         2
 Conjure Flame            Conj/Fire      #.......     100%        3
 Dazzling Flash           Conj/Hex       #.....       100%        3
 Mephitic Cloud           Conj/Pois/Air  #.......     100%        3
 Fulminant Prism          Conj/Hex       #.........   100%        4
 Iskenderun's Mystic Bla  Conj/Tloc      #.......     100%        4
 Freezing Cloud           Conj/Ice/Air   #.........   100%        6


Dungeon Overview and Level Annotations

Branches:
Dungeon (14/15)            Temple (1/1) D:6            Lair (6/6) D:9
  Swamp (0/4) Lair:3       Shoals (0/4) Lair:4        Slime (0/5) Lair:5
    Orc (0/2) D:10        Ossuary (visited)
  Snake: Lair:2-4    Spider: Lair:2-4    Vaults: D:13-14

Altars:
Ashenzari
Cheibriados
Dithmenos
Elyvilon
Gozag
Hepliaklqana
Kikubaaqudgha
Makhleb
Nemelex Xobeh
Okawaru
Qazlal
Ru
Sif Muna
Trog
Uskayaw
Vehumet
Wu Jian
Xom
Yredelemnul
Zin
The Shining One
Jiyva

Shops:
D:7 :   D:9 :

Portals:
Abyss: Lair:6

Annotations:
D:8 exclusion: ice statue
D:11 2 transporters, Thargor's ghost, novice MiFi
Lair:3 3 runed translucent doors, 2tc's ghost, journeyman DsGl
Lair:6 1 transporter, Besoadued's ghost, journeyman HuAr


Innate Abilities, Weirdness & Mutations

You are resistant to torment.
Your stone body is resilient. (AC +10)
You are immune to poison.
Your large and strong wings let you fly indefinitely.
You resist negative energy. (rN+)
You are resistant to electric shocks. (rElec)
You can survive without breathing.
You are immune to petrification.
You are immune to rotting.
You are partially covered in large bone plates. (SH +4)
[You often lose your temper in combat.]
[Scrolls take you much longer to read.]
[You are very clumsy. (Dex -4)]
[Armour fits poorly on your strangely shaped body.]
[Your body often deteriorates upon taking damage.]
[You are very dopey. (Int -4)]
[You are extremely frail. (-30% HP)]
[Your magical capacity is extremely low. (-30% MP)]
[You frequently scream uncontrollably at your foes.]
[You do not regenerate when monsters are visible.]
[You are often teleported next to monsters.]
[You are very weak. (Str -4)]
[Potions are poor at restoring your health.]
[Your spells are much easier to cast, but much less powerful.]


Message History

You feel frail.
You barely miss the sixfirhy.
The sixfirhy is severely wounded.
The sixfirhy hits you but does no damage.
You block the sixfirhy's attack. The sixfirhy hits you.
* * * LOW HITPOINT WARNING * * *
The sixfirhy shocks you. You resist.
* * * LOW HITPOINT WARNING * * *
You block the sixfirhy's attack. The naga hits you but does no damage.
You feel very mighty all of a sudden. The sixfirhy hits you!
* * * LOW HITPOINT WARNING * * *
Your body deteriorates!
You feel weakened. The sixfirhy shocks you. You resist.
* * * LOW HITPOINT WARNING * * *
You block the sixfirhy's attack.
The sixfirhy hits you but does no damage.
The sixfirhy closely misses you.
The naga hits you from afar with a cursed -3 halberd.
You die...

#...### #
#xX#.......
..# ### .##
###X#*#N##
#*5..#. #
##N#
#.#..###
#3#.##.. .#
#@##.## ...
### ..##.
#### ###...
. # ......
# #.###. x#
. . # # #
#3 # # . #
#


You could see a wretched star, a large abomination, a sixfirhy, a naga and an
ufetubus.

Vanquished Creatures
  2 tentacled starspawn (Abyss:2)
  The ghost of dricus the Fighter, a journeyman OpVM of Gozag (Lair:4)
  The ghost of Peloso the Carver, a journeyman MiFi of Okawaru (Lair:2)
  An eidolon (Abyss:2)
  6 hydras
  A boulder beetle (D:13)
  A catoblepas (Lair:3)
  A centaur warrior (D:11)
  A two-headed ogre (D:11)
  6 death yaks
  2 wretched stars (Abyss:2)
  2 unseen horrors
  2 bog bodies (Lair:3)
  A cyclops (D:13)
  2 manticores
  6 elephants (Lair:4)
  5 black mambas
  An apocalypse crab (Abyss:1)
  4 gargoyles (D:9)
  6 cane toads
  A centaur skeleton (D:13)
  2 rime drakes
  A kobold demonologist (D:11)
  8 komodo dragons
  2 trolls
  An ancient zyme (Abyss:2)
  3 meliai (D:13)
  3 polar bears
  A wind drake (Lair:4)
  12 blink frogs
  Grinder (D:3)
  A hydra skeleton (Abyss:2)
  5 raiju (Abyss:2)
  5 dream sheep (Lair:5)
  4 flying skulls (Abyss:2)
  A meliai zombie (D:12)
  3 large abominations
  A water elemental (D:13)
  A spriggan (Lair:1)
  10 wyverns
  42 yaks
  2 basilisks
  12 water moccasins
  4 ice beasts
  4 black bears
  An orc warrior (D:12)
  3 sky beasts
  2 necrophages
  8 wolves
  2 phantoms
  8 centaurs
  6 ogres
  17 bullfrogs
  5 scorpions
  A small abomination (Abyss:2)
  16 wights
  3 howler monkeys (D:11)
  2 centaur zombies
  A bullfrog zombie (D:11)
  A quasit (D:12)
  4 hounds
  4 orc priests
  7 jellies
  6 orc wizards
  Crazy Yiuf (D:3)
  3 bullfrog skeletons
  A human zombie (Ossuary)
  Jessica (D:3)
  Terence (D:3)
  5 worker ants
  A killer bee zombie (D:8)
  A hound skeleton (D:6)
  4 mummies (Ossuary)
  A worker ant zombie (D:7)
  8 gnolls
  12 adders
  4 shadow imps
  3 white imps
  An ufetubus (D:5)
  3 oozes
  An adder zombie (D:7)
  2 adder skeletons
  3 worms
  6 dart slugs
  5 leopard geckos
  30 orcs
  2 ball pythons
  10 bats
  3 giant cockroaches
  2 gnoll zombies (Ossuary)
  7 goblins
  5 hobgoblins
  8 jackals
  6 kobolds
  2 quokkas
  2 frilled lizards
  A goblin skeleton (D:9)
  2 goblin zombies (Ossuary)
  5 hobgoblin zombies (D:9)
  3 kobold zombies
  A leopard gecko skeleton (D:7)
  An orc skeleton (D:9)
  An orc zombie (Ossuary)
  5 rats
  3 starspawn tentacles (Abyss:2)
445 creatures vanquished.

Vanquished Creatures (others)
  A small abomination (Abyss:2)
  A shadow imp (D:10)
  9 fungi
  21 plants
  4 starspawn tentacles (Abyss:2)
36 creatures vanquished.

Grand Total: 481 creatures vanquished

Notes
Turn   | Place    | Note
-------+----------+-------------------------------------------
     0 | D:1      | Decritt the Gargoyle Fighter began the quest for the Orb.
     0 | D:1      | Reached XP level 1. HP: 14/14 MP: 1/1
   150 | D:1      | Reached XP level 2. HP: 19/19 MP: 2/2
   627 | D:2      | Reached XP level 3. HP: 24/24 MP: 3/3
   632 | D:2      | Found a sparkling altar of Nemelex Xobeh.
   809 | D:2      | Found a bloodstained altar of Trog.
   992 | D:2      | Found a shimmering altar of Xom.
  1002 | D:2      | Reached XP level 4. HP: 22/29 MP: 4/4
  1327 | D:2      | Found a broken altar of Ashenzari.
  2064 | D:3      | Noticed Grinder
  2067 | D:3      | Noticed Jessica
  2079 | D:3      | Killed Grinder
  2079 | D:3      | Reached skill level 3 in Maces & Flails
  2079 | D:3      | Reached skill level 5 in Armour
  2079 | D:3      | Reached XP level 5. HP: 34/34 MP: 5/5
  2079 | D:3      | Reached XP level 6. HP: 39/39 MP: 6/6
  2084 | D:3      | Killed Jessica
  2194 | D:3      | Found a runed translucent door.
  2195 | D:3      | Noticed Crazy Yiuf
  2207 | D:3      | Killed Crazy Yiuf
  2360 | D:3      | Noticed Terence
  2376 | D:3      | Killed Terence
  2400 | D:3      | Reached skill level 4 in Maces & Flails
  2920 | D:4      | Reached XP level 7. HP: 44/44 MP: 7/7
  3404 | D:4      | Reached skill level 5 in Fighting
  3683 | D:5      | Entered Level 5 of the Dungeon
  3895 | D:5      | Found a shimmering blue altar of Sif Muna.
  4199 | D:5      | Reached skill level 5 in Maces & Flails
  4357 | D:5      | Noticed an angel
  4358 | D:5      | Found a glowing silver altar of Zin.
  4358 | D:5      | Found a shimmering altar of Xom.
  4627 | D:6      | Reached skill level 5 in Shields
  4627 | D:6      | Reached XP level 8. HP: 50/50 MP: 8/8
  5283 | D:6      | Found a staircase to the Ecumenical Temple.
  5289 | Temple   | Entered the Ecumenical Temple
  5643 | D:7      | Found an iron altar of Okawaru.
  5646 | D:7      | Found Awna's Book Boutique.
  5652 | D:7      | Found a sand-covered staircase.
  5671 | Ossuary  | Entered an ossuary
  6351 | Ossuary  | Gained mutation: [You are weak. (Str -2)] [potion of
                  | mutation]
  6351 | Ossuary  | Gained mutation: [You are dopey. (Int -2)] [potion of
                  | mutation]
  6351 | Ossuary  | Gained mutation: You have large cloven feet. [potion of
                  | mutation]
  6352 | Ossuary  | Lost mutation: [You are weak. (Str -2)] [potion of
                  | mutation]
  6352 | Ossuary  | Lost mutation: [You are dopey. (Int -2)] [potion of
                  | mutation]
  6352 | Ossuary  | Lost mutation: You have large cloven feet. [potion of
                  | mutation]
  6352 | Ossuary  | Gained mutation: [Your magical capacity is low. (-10% MP)]
                  | [potion of mutation]
  6352 | Ossuary  | Gained mutation: You are partially covered in large bone
                  | plates. (SH +4) [potion of mutation]
  7894 | D:7      | Became a worshipper of Warmaster Okawaru
  7996 | D:7      | Found a hazy altar of Hepliaklqana.
  8379 | D:7      | Reached skill level 6 in Maces & Flails
  8414 | D:7      | Found an ornate altar of the Wu Jian Council.
  8566 | D:8      | Reached * piety under Okawaru
  8572 | D:8      | Reached XP level 9. HP: 46/55 MP: 8/8
  8772 | D:8      | Found a hazy altar of Hepliaklqana.
  9007 | D:8      | Reached skill level 1 in Invocations
  9011 | D:8      | Reached skill level 7 in Maces & Flails
  9061 | D:8      | Noticed a two-headed ogre
  9471 | D:8      | Found a shadowy altar of Dithmenos.
  9511 | D:8      | Noticed an ice statue
  9806 | D:9      | Found a staircase to the Lair.
  9817 | D:9      | Reached ** piety under Okawaru
  9847 | D:9      | Reached skill level 8 in Maces & Flails
  9859 | D:8      | Reached XP level 10. HP: 19/63 MP: 9/11
 10270 | D:9      | Noticed a gargoyle
 10293 | D:9      | Killed a gargoyle
 10293 | D:9      | Reached *** piety under Okawaru
 10347 | D:9      | Noticed a gargoyle
 10360 | D:9      | Killed a gargoyle
 10425 | D:9      | Noticed a gargoyle
 10436 | D:9      | Killed a gargoyle
 10609 | D:9      | Noticed a gargoyle
 10621 | D:9      | Killed a gargoyle
 10621 | D:9      | Reached **** piety under Okawaru
 10663 | D:9      | Reached skill level 9 in Maces & Flails
 10753 | D:9      | Found a glowing golden altar of the Shining One.
 11209 | D:9      | Found a basalt altar of Yredelemnul.
 11219 | D:9      | Found Seelyff's Book Emporium.
 11400 | D:10     | Entered Level 10 of the Dungeon
 11950 | D:10     | Killed an unseen horror
 11950 | D:10     | Reached ***** piety under Okawaru
 11950 | D:10     | Reached skill level 5 in Invocations
 11950 | D:10     | Reached XP level 11. HP: 50/68 MP: 13/13
 12218 | D:10     | Found a staircase to the Orcish Mines.
 12451 | D:11     | Reached skill level 10 in Maces & Flails
 12788 | D:11     | Noticed a manticore
 12804 | D:11     | Killed a manticore
 12878 | D:11     | Found a transporter.
 12880 | D:11     | Found a transporter.
 12881 | D:11     | Noticed Thargor's ghost (novice MiFi)
 12892 | D:11     | Noticed a centaur warrior
 12908 | D:11     | Killed a centaur warrior
 13164 | D:11     | Received a gift from Okawaru
 13604 | D:12     | Noticed a two-headed ogre
 13619 | D:11     | Killed a two-headed ogre
 13619 | D:11     | Reached skill level 10 in Armour
 14157 | D:12     | You fall into a shaft and drop 2 floors!
 14157 | D:14     | Noticed a cyclops
 14158 | D:14     | Noticed a cyclops
 14169 | D:14     | Noticed a deep elf mage
 14176 | D:14     | Noticed a tengu warrior
 14487 | D:13     | Noticed a cyclops
 14488 | D:13     | Noticed a boulder beetle
 14498 | D:13     | Killed a cyclops
 14498 | D:13     | Reached skill level 11 in Maces & Flails
 14561 | D:13     | Killed a boulder beetle
 14561 | D:13     | Reached XP level 12. HP: 72/76 MP: 15/15
 14882 | D:12     | Received a gift from Okawaru
 15391 | Lair:1   | Entered Level 1 of the Lair of Beasts
 15558 | Lair:1   | Noticed a five-headed hydra
 15803 | D:9      | Killed a five-headed hydra
 15888 | Lair:1   | Reached skill level 10 in Fighting
 16016 | Lair:1   | Reached skill level 10 in Shields
 16491 | Lair:2   | Found a runed translucent door.
 16491 | Lair:2   | Noticed Peloso's ghost (journeyman MiFi)
 16631 | Lair:2   | Killed Peloso's ghost
 16803 | Lair:2   | Reached XP level 13. HP: 81/83 MP: 16/16
 17012 | Lair:2   | Found a bloodstained altar of Trog.
 17479 | Lair:3   | Got a scorched gossamer ring
 17481 | Lair:3   | Identified the ring "Zuvap" {rN+ EV+4 Int+4 Dex+2} (You
                  | found it on level 3 of the Lair of Beasts)
 17532 | Lair:3   | Found a runed translucent gate.
 17532 | Lair:3   | Found a runed translucent gate.
 17532 | Lair:3   | Found a runed translucent gate.
 17553 | Lair:3   | Noticed 2tc's ghost (journeyman DsGl)
 17629 | Lair:3   | Received a gift from Okawaru
 17632 | Lair:3   | Got a bloodstained rapier {god gift}
 17632 | Lair:3   | Identified the +0 rapier "Esateedgh" {flame, Stlth+}
                  | (Okawaru gifted it to you on level 3 of the Lair of Beasts)
 17861 | Lair:3   | Reached skill level 12 in Maces & Flails
 17893 | Lair:3   | Found a staircase to the Swamp.
 18382 | Lair:4   | Found a runed translucent door.
 18387 | Lair:4   | Noticed dricus's ghost (journeyman OpVM)
 18423 | Lair:4   | Killed dricus's ghost
 18423 | Lair:4   | Received a gift from Okawaru
 19299 | Lair:4   | Found a staircase to the Shoals.
 19326 | Lair:4   | Reached ****** piety under Okawaru
 19326 | Lair:4   | Received a gift from Okawaru
 19329 | Lair:4   | Got a heavily runed plate armour {god gift}
 19348 | Lair:4   | Identified the +0 plate armour of Hedging {rPois Dex+4
                  | Stlth-} (Okawaru gifted it to you on level 4 of the Lair of
                  | Beasts)
 19589 | Lair:4   | Reached skill level 1 in Dodging
 19589 | Lair:4   | Gained mutation: Your large and strong wings let you fly
                  | indefinitely. [Gargoyle growth]
 19589 | Lair:4   | Reached XP level 14. HP: 41/90 MP: 19/19
 19896 | Lair:5   | Reached skill level 10 in Invocations
 20042 | Lair:5   | Reached skill level 13 in Maces & Flails
 20270 | Lair:5   | Found a runed translucent door.
 20271 | Lair:5   | Found a viscous altar of Jiyva.
 20276 | Lair:5   | Found a staircase to the Slime Pits.
 20584 | Lair:5   | You fall into a shaft and drop 1 floor!
 20584 | Lair:6   | Entered Level 6 of the Lair of Beasts
 20864 | Lair:6   | Found a transporter.
 20865 | Lair:6   | Found a transporter.
 20872 | Lair:6   | Found a one-way gate to the infinite horrors of the Abyss.
 20885 | Lair:6   | Noticed Besoadued's ghost (journeyman HuAr)
 20925 | Lair:6   | Cast into level 1 of the Abyss (spriggan)
 21107 | Abyss:2  | Found a corrupted altar of Lugonu.
 21255 | Abyss:2  | Noticed a tentacled starspawn
 21277 | Abyss:2  | Killed a tentacled starspawn
 21277 | Abyss:2  | Received a gift from Okawaru
 21454 | Abyss:2  | Noticed a tentacled starspawn
 21462 | Abyss:2  | Killed a tentacled starspawn
 21476 | Abyss:2  | Noticed a yellow draconian shifter
 21577 | Abyss:2  | HP: 1/64 [sixfirhy (4)]
 21577 | Abyss:2  | Slain by a naga

Illustrated notes

Levels and vault maps discovered:
D:1:      dpeg_arrival_simpleton_a, layout_rooms, minivault_23
D:2:      layout_basic, overflow_temple_1_default,
          ashenzari_conservatory_becter, nemelex_xobeh_ov_fountains_minmay,
          tgw_xom
D:3:      minmay_inner_zag, layout_rooms, serial_bayou, serial_bayou_ford_a,
          serial_bayou_pond_d, serial_bayou_pond_c, serial_bayou_pond_c,
          uniq_crazy_yiuf_cottage, uniq_jessica, uniq_terence, uniq_grinder
D:4:      layout_loops_ring, nicolae_overflow_hidden_temple,
          kennysheep_small_spiral
D:5:      layout_loops_ring, grunt_temple_overflow_order_and_chaos_1,
          marbit_many_paths
D:6:      layout_basic, minmay_temple_entry_enclosed_plants
D:7:      layout_basic, lemuel_coloured_pillars_altar, lemuel_doored_altar,
          okawaru_gym_becter, serial_shops, nicolae_shop_crystal,
          enter_ossuary_2
D:8:      lemuel_ice_statue, layout_loops_ring, grunt_dithmenos_smoke,
          basic_altar
D:9:      cheibrodos_statue_roulette, layout_basic,
          nicolae_tso_besieged_by_evil, lemuel_crystal_altar,
          minmay_lair_entry_grove, serial_shops, shop, minivault_5
D:10:     layout_stronghold, orc_0_dummy, lemuel_flamethrower_hall
D:11:     layout_long_grid, gammafunk_ghost_mausoleum
D:12:     layout_long_grid, kennysheep_small_circle
D:13:     argonaut_augean_stables, layout_loops_ring,
          nicolae_trove_entry_path_of_doom
D:14:     layout_cross, david_vaults_5, serial_shops, kennysheep_mini_moat,
          uniq_azrael, uniq_nessos
Temple:   nicolae_temple_figure_zero
Lair:1:   layout_misc_corridors, grunt_forest_large_clearing_hut,
          grunt_megastairs_1
Lair:2:   layout_regular_city, ebering_ghost_inner_flame, basic_altar,
          beast_lair_carwin_11
Lair:3:   layout_chaotic_city, skrybe_swamp_entry_bodies,
          gammafunk_ghost_hydra_chop, grunt_megastairs_5,
          infiniplex_staircase_pool, lemuel_fruit_fields
Lair:4:   layout_concentric_octagons, minmay_shoals_entry_beasts,
          ebering_ghost_reflecting_pool
Lair:5:   layout_hall_layers, slime_altar_2, lemuel_fruit_fields
Lair:6:   minmay_lair_end_enchanted_forest, layout_cave_pods,
          gammafunk_ghost_abyssal_escape, uniq_kirke
Abyss:2:  base:
D:8

Skill      XL: |  1  2  3  4  5  6  7  8  9 10 11 12 13 14 |
---------------+-------------------------------------------+-----
Armour         | 4 5 6 7 8 9 10 11 12 | 12.3
Fighting       | 4 5 6 7 8 9 10 11 12 | 12.2
Maces & Flails | 3 4 5 6 8 9 11 12 13 | 13.6
Shields        | 4 5 6 8 9 10 11 | 11.4
Invocations    | 3 5 6 7 9 10 | 10.6
Dodging        | 1 4 |  4.5

Action                   |  1- 3 |  4- 6 |  7- 9 | 10-12 | 13-15 || total
-------------------------+-------+-------+-------+-------+-------++-------
Melee: Flail             |    71 |   142 |    52 |       |   603 ||   868
       Mace              |       |       |   338 |   974 |   260 ||  1572
       Morningstar       |       |       |       |       |    76 ||    76
Throw: Dart              |    49 |    62 |   100 |    64 |       ||   275
Invok: Heroism           |       |       |     1 |     6 |     2 ||     9
       Finesse           |       |       |       |     2 |     2 ||     4
  Use: Scroll            |       |     6 |    11 |     7 |     5 ||    29
       Potion            |       |       |     8 |     4 |     1 ||    13
Armor: Scale mail        |    30 |    34 |       |       |       ||    64
       Plate armour      |       |    31 |   188 |   610 |   519 ||  1348
Dodge: Dodged            |    29 |    67 |   132 |   365 |   427 ||  1020
Block: Kite shield       |    42 |    73 |   260 |   884 |   927 ||  2186

Table legend: (Time is in decaauts)
 A = Elapsed time spent in this place.
 B = Non-inter-level travel time spent in this place.
 C = Inter-level travel time spent in this place.
 D = Time resting spent in this place.
 E = Time spent auto-exploring this place.
 F = Levels seen in this place.
 G = Mean time per level.
                   A        B        C        D        E       F      G
               +--------+--------+--------+--------+--------+-----+--------+
         Total |  21493 |  20979 |    514 |   4051 |  11766 |  24 |  895.5 |
       Dungeon |  13485 |  13056 |    429 |   1712 |   8095 |  14 |  963.2 |
        Temple |    120 |    111 |      9 |      0 |    107 |   1 |  120.0 |
          Lair |   5088 |   5013 |     75 |    365 |   3275 |   6 |  848.0 |
         Abyss |    630 |    630 |      0 |    100 |    158 |   2 |  315.0 |
       Ossuary |   2167 |   2167 |      0 |   1874 |    131 |   1 | 2167.0 |
               +--------+--------+--------+--------+--------+-----+--------+

Top non-repeatable levels by time:
 Ossuary: 2167 daAuts
     D:9: 1667 daAuts
     D:2: 1443 daAuts
    D:11: 1307 daAuts
  Lair:4: 1302 daAuts
     D:8: 1278 daAuts
    D:12: 1113 daAuts
  Lair:5: 1027 daAuts
    D:10: 991 daAuts
     D:7: 974 daAuts
     D:6: 929 daAuts
     D:5: 919 daAuts
     D:3: 918 daAuts
  Lair:2: 900 daAuts
     D:4: 877 daAuts
